 Dungeon Crawl Stone Soup version 0.29-a0-409-gd843f3a48c (webtiles) character file.

Game seed: 14473314115863127271

59 bande the Covered (level 4, -10/29 HPs)
             Began as a Gargoyle Fighter on May 15, 2022.
             Mangled by an ogre
             ... wielding a +0 giant club
              (22 damage)
             ... on level 2 of the Dungeon.
             The game lasted 00:01:46 (1440 turns).

bande the Covered (Gargoyle Fighter)                Turns: 1440, Time: 00:01:47

Health: -10/29     AC: 10    Str: 19    XL:     4   Next: 3%
Magic:  4/4        EV:  9    Int:  9    God:
Gold:   20         SH:  4    Dex: 11    Spells: 3/3 levels left

rFire   . . .      SeeInvis .   a - +1 war axe
rCold   . . .      Faith    .   c - +0 buckler
rNeg    + . .      Spirit   .   b - +0 scale mail
rPois   ∞          Reflect  .   (no helmet)
rElec   +          Harm     .   (no cloak)
rCorr   .          Rampage  .   (no gloves)
Will    .....                   (no boots)
Stlth   ..........              (no amulet)
HPRegen 0.09/turn               (no ring)
MPRegen 0.09/turn               (no ring)

@: mighty
A: sickness immunity, AC +3, negative energy resistance 1, electricity
resistance, torment resistance 1, petrification resistance
a: no special abilities


You were on level 2 of the Dungeon.
You visited 1 branch of the dungeon, and saw 2 of its levels.

You collected 20 gold pieces.

Inventory:

Hand Weapons
 a - a +1 war axe (weapon)
Armour
 b - a +0 scale mail (worn)
 c - a +0 buckler (worn)
Scrolls
 e - a scroll of fear {unknown}
Potions
 g - a potion of haste {unknown}
 h - a potion of degeneration {unknown}
 i - a potion of curing {unknown}


   Skills:
 + Level 3.8 Fighting
 + Level 2.3 Axes
 + Level 4.0 Armour
 + Level 3.7 Shields


You had 3 spell levels left.
You didn't know any spells.
Your spell library was empty.

Dungeon Overview and Level Annotations

Branches:
Dungeon (2/15)

Altars:


Innate Abilities, Weirdness & Mutations

You are immune to sickness and miasma.
Your stone body is resilient. (AC +3)
You are immune to poison.
You resist negative energy. (rN+)
You are resistant to electric shocks. (rElec)
You are resistant to unholy torment.
You are immune to petrification.


Message History

There is a stone staircase leading down here.
You closely miss the adder.
The adder bites you but does no damage. x2
You closely miss the adder. The adder barely misses you. x2
You hit the adder but do no damage. The adder bites you.
* * * LOW HITPOINT WARNING * * *
You miss the adder. The adder misses you. You block the adder's attack.
You slash the adder!
The adder is severely wounded.
The adder bites you but does no damage. The adder bites you.
* * * LOW HITPOINT WARNING * * *
You barely miss the adder.
The adder is severely wounded.
The adder bites you but does no damage. The adder completely misses you.
You closely miss the adder.
The adder is severely wounded.
The adder bites you but does no damage. x2
You slash the adder!
You kill the adder!
You have reached level 4!
You feel clever.
You start resting.
You start resting.
HP restored.
You start waiting.
Done waiting.
You feel very mighty all of a sudden.
You climb downwards.
There is a stone staircase leading up here.
You slash the ogre!
The ogre is moderately wounded.
You slash the ball python!
You kill the ball python!
The ogre hits you with a +0 giant club!
Ouch! That really hurt!
Unknown command.
You slash the ogre!
The ogre is almost dead.
The ogre hits you with a +0 giant club!!
Ouch! That really hurt!
You die...

#..... .. #....# ...
#.... #.. ....
#.######
..######.#....#
#.#....#.#@O..#
#######...##.#.##.###
...O..O...#....S..#
########..####O##.#
#.>.....##.#
##.######### #...#
###.# #.#


You could see an ogre.

Vanquished Creatures
  3 adders
  2 endoplasms (D:1)
  A giant cockroach (D:1)
  2 goblins
  5 hobgoblins (D:1)
  2 jackals (D:2)
  A quokka (D:1)
  6 ball pythons
  A bat (D:1)
  3 frilled lizards (D:1)
  4 kobolds (D:1)
  2 rats
32 creatures vanquished.

Vanquished Creatures (others)
  A withered plant (D:1)
1 creature vanquished.

Grand Total: 33 creatures vanquished

Notes
Turn   | Place    | Note
-------+----------+-------------------------------------------
     0 | D:1      | bande the Gargoyle Fighter began the quest for the Orb.
     0 | D:1      | Reached XP level 1. HP: 14/14 MP: 1/1
    68 | D:1      | Found a faded altar of an unknown god.
   221 | D:1      | Reached XP level 2. HP: 19/19 MP: 2/2
   772 | D:1      | Reached XP level 3. HP: 24/24 MP: 3/3
   969 | D:2      | Noticed an ogre
  1020 | D:2      | Reached skill level 4 in Armour
  1028 | D:1      | HP: 1/24 [adder (3)]
  1032 | D:1      | Reached XP level 4. HP: 1/29 MP: 4/4
  1440 | D:2      | Mangled by an ogre

Illustrated notes

Levels and vault maps discovered:
D:1:      shiori_arrival_maze, layout_rooms, shapermc_ecumenical_altar_gd
D:2:      minmay_recursive_quarters, layout_basic

Skill      XL: |  1  2  3 |
---------------+----------+-----
Axes           | 2 |  2.3
Armour         | 4 |  4.0
Fighting       | |  3.8
Shields        | |  3.7

Action                   |  1- 3 |  4- 6 || total
-------------------------+-------+-------++-------
Melee: War axe           |    94 |     2 ||    96
  Use: Scroll            |     2 |       ||     2
       Potion            |       |     1 ||     1
Armor: Scale mail        |    61 |       ||    61
Dodge: Dodged            |    60 |       ||    60
Block: Buckler           |    27 |       ||    27

Table legend: (Time is in decaauts)
 A = Elapsed time spent in this place.
 B = Non-inter-level travel time spent in this place.
 C = Inter-level travel time spent in this place.
 D = Time resting spent in this place.
 E = Time spent auto-exploring this place.
 F = Levels seen in this place.
 G = Mean time per level.
                   A        B        C        D        E       F      G
               +--------+--------+--------+--------+--------+-----+--------+
         Total |   1483 |   1462 |     21 |    404 |    774 |   2 |  741.5 |
       Dungeon |   1483 |   1462 |     21 |    404 |    774 |   2 |  741.5 |
               +--------+--------+--------+--------+--------+-----+--------+

Top non-repeatable levels by time:
     D:1: 1349 daAuts
     D:2: 133 daAuts
